 Dungeon Crawl Stone Soup version 0.18.1-48-g4cf74bf (webtiles) character file.

190 WarriorsX the Skirmisher (level 6, -2/49 HPs)
             Began as a Human Fighter on July 28, 2016.
             Killed from afar by a dart slug (4 damage)
             ... with a slug dart
             ... on level 4 of the Dungeon.
             The game lasted 00:06:24 (2824 turns).

WarriorsX the Skirmisher (Human Fighter)            Turns: 2824, Time: 00:06:25

Health: -2/49      AC: 11    Str: 18    XL:     6   Next: 1%
Magic:  6/6        EV:  2    Int:  8    God:
Gold:   89         SH:  9    Dex: 13    Spells: 0 memorised, 5 levels left

rFire  . . .     SeeInvis .     t - +2 flail (protect)
rCold  . . .     Gourm    .     b - +0 scale mail
rNeg   . . .     Faith    .     c - +0 shield
rPois  .         Spirit   .     (no helmet)
rElec  .         Dismiss  .     (no cloak)
rCorr  .         Reflect  .     (no gloves)
SustAt .         Harm     .     (no boots)
MR     .....                    (no amulet)
Stlth  ..........               (no ring)
                                (no ring)

@: not resistant to hostile enchantments, extremely unstealthy
A: no striking features
a: no special abilities


You were on level 4 of the Dungeon.
You were hungry.

You visited 1 branch of the dungeon, and saw 4 of its levels.

You collected 89 gold pieces.

Inventory:

Hand Weapons
 a - a +0 long sword
 t - a +2 flail of protection (weapon)
Armour
 b - a +0 scale mail (worn)
 c - a +0 shield (worn)
 u - a +0 pair of boots
Jewellery
 k - an uncursed ring of fire
Scrolls
 e - 2 scrolls of teleportation {unknown}
 g - a scroll of remove curse {unknown}
 h - 7 scrolls of identify {unknown}
 i - a scroll of enchant armour {unknown}
 j - a scroll of immolation {unknown}
 l - a scroll of random uselessness {unknown}
 m - a scroll of amnesia {unknown}
 o - 2 scrolls of recharging {unknown}
 q - a scroll of noise {unknown}
Potions
 d - a potion of might
 r - 2 potions of agility {unknown}
Comestibles
 f - a bread ration
 n - a meat ration
 p - 5 fruits
 s - a beef jerky


   Skills:
 - Level 4.4 Fighting
 - Level 4.0 Long Blades
 * Level 1.9 Maces & Flails
 - Level 3.0 Armour
 - Level 0.2 Stealth
 - Level 3.0 Shields


You had 5 spell levels left.
You didn't know any spells.

Dungeon Overview and Level Annotations

Branches:
Dungeon (4/15)
 Temple: D:4-7

Altars:


Message History

The orc priest is almost dead.
You block the orc priest's attack.
Unknown command.
You sock the orc priest!
You kill the orc priest!
You hear a splash. x2
You have reached level 6!
Your experience leads to an increase in your attributes!
Increase (S)trength, (I)ntelligence, or (D)exterity?
You feel stronger. The dart slug launches a dart at you.
The slug dart hits you!
* * * LOW HITPOINT WARNING * * *
You see here a dagger.
There is a stone staircase leading up, spattered with blood here.
The dart slug launches a dart at you.
Helpless, you fail to dodge the slug dart.
The dart slug launches a dart at you. The slug dart hits you!
You die...

# #.##≈≈.≈≈##. #.
##.≈≈#≈≈≈≈.## ..
#o###≈≈≈≈≈≈≈#≈≈≈##..#
..#≈≈≈≈≈≈≈≈≈≈≈≈≈#.. #
#.≈≈≈≈#≈≈≈≈≈≈≈≈.# .# #
#w≈≈≈≈≈≈≈)≈≈≈≈≈≈#..#
#.≈ #≈≈≈≈≈≈≈≈≈≈≈≈≈≈.#
#..≈≈≈#<#≈.).≈≈.8≈≈≈.#
#...≈≈.....@.....≈≈..#
#..≈≈#...≈(†.≈#≈[≈≈≈##
##.≈≈≈≈≈#≈≈≈≈≈≈.≈#≈##
#.##≈≈≈≈≈≈≈≈≈#≈≈≈≈#
#.#.≈≈≈##≈≈≈w≈≈≈w.#
#..#≈≈≈≈≈≈≈≈≈≈≈≈≈#.#
#.###≈≈≈≈≈≈≈≈≈≈≈##.#
#. ##.≈≈≈≈≈≈≈.## #
.##≈≈.≈≈##.


You could see 3 dart slugs.

Vanquished Creatures
  2 orc priests
  An orc wizard (D:3)
  An adder (D:3)
  2 worms
  10 dart slugs
  4 orcs
  A ball python (D:1)
  6 giant cockroaches
  15 goblins
  6 hobgoblins
  6 jackals
  2 quokkas
  3 bats
  A giant newt (D:3)
  11 kobolds
  2 rats
73 creatures vanquished.

Vanquished Creatures (others)
  An orc wizard (D:4)
1 creature vanquished.

Grand Total: 74 creatures vanquished

Notes
Turn   | Place    | Note
--------------------------------------------------------------
     0 | D:1      | WarriorsX the Human Fighter began the quest for the Orb.
     0 | D:1      | Reached XP level 1. HP: 18/18 MP: 1/1
    55 | D:1      | Reached XP level 2. HP: 15/24 MP: 2/2
   572 | D:2      | Reached XP level 3. HP: 29/29 MP: 3/3
  1177 | D:2      | Reached XP level 4. HP: 32/35 MP: 4/4
  1947 | D:3      | Reached XP level 5. HP: 3/42 MP: 5/5
  2517 | D:4      | Reached skill level 1 in Maces & Flails
  2821 | D:4      | Reached XP level 6. HP: 5/49 MP: 6/6
  2822 | D:4      | HP: 1/49 [dart slug/slug dart (4)]
  2824 | D:4      | Killed from afar by a dart slug

Skill      XL: |  1  2  3  4  5 |
---------------+----------------+-----
Long Blades    | 3 4 |  4.0
Fighting       | 4 |  4.4
Maces & Flails | 1 |  1.9
Armour         | |  3.0
Stealth        | |  0.2
Shields        | |  3.0

Action                   |  1- 3 |  4- 6 || total
-------------------------+-------+-------++-------
Melee: Long sword        |   129 |    75 ||   204
       Flail             |       |    48 ||    48
  Eat: Chunk             |       |     6 ||     6
Armor: Scale mail        |    67 |    50 ||   117
Dodge: Dodged            |    34 |    33 ||    67
Block: Shield            |    72 |    65 ||   137
